 Dungeon Crawl Stone Soup version 0.31.0-4-g52a2dc7128 (webtiles) character file.

Game seed: 12368195742423857396

2685 Gottschkopf the Covert (level 9, -1/63 HPs)
             Began as a Vampire Monk on Jan 23, 2024.
             Was an Initiate of Yredelemnul.
             Slain by a bullfrog (4 damage)
             ... on level 7 of the Dungeon.
             The game lasted 00:19:03 (4975 turns).

Gottschkopf the Covert (Vampire Monk)               Turns: 4975, Time: 00:19:04

Health: -1/63      AC:  4    Str: 10    XL:     9   Next: 38%
Magic:  18/18      EV: 16    Int: 12    God:    Yredelemnul [......]
Gold:   330        SH:  0    Dex: 17    Spells: 8/8 levels left

rFire   . . .        n - +9 whip of Conscience {flame, Fly rElec Dex-4 Stlth+}
rCold   . . .        (no shield)
rNeg    + . .        b - +0 robe
rPois   .            o - +0 helmet
rElec   +            p - +0 cloak
rCorr   .            (no gloves)
SInv    +            (no boots)
Will    .....        j - amulet of magic regeneration
Stlth   +++++        l - ring of positive energy
HPRegen 0.50/turn    t - ring of magical power
MPRegen 0.56/turn

%: no passive effects
@: flying, healing quickly
A: alive, fangs 3, see invisible, vampiric 2
a: Exsanguinate, Renounce Religion, Recall Undead Harvest


You were on level 7 of the Dungeon.
You worshipped Yredelemnul.
Yredelemnul was noncommittal.
You visited 2 branches of the dungeon, and saw 8 of its levels.

You collected 330 gold pieces.

Inventory:

Hand Weapons
 a - a +0 short sword
 n - the +9 whip of Conscience (weapon) {flame, Fly rElec Dex-4 Stlth+}
   (You found it on level 3 of the Dungeon)

   Dex-4:     It affects your dexterity (-4).
   rElec:     It insulates you from electricity.
   Fly:       It grants you flight.
   Stlth+:    It makes you more stealthy.
 B - the +5 long sword "Maocoe" {drain, rElec rF+}
   (You found it on level 2 of the Dungeon)

   rF+:       It protects you from fire.
   rElec:     It insulates you from electricity.
Armour
 b - a +0 robe (worn)
 d - an orb of light
 o - a +0 helmet (worn)
 p - a +0 cloak (worn)
 q - a +0 plate armour
Magical Staves
 u - a staff of conjuration
Jewellery
 j - an amulet of magic regeneration (around neck)
 l - a ring of positive energy (left hand)
 t - a ring of magical power (right hand)
Wands
 g - a wand of polymorph (4)
Scrolls
 f - 3 scrolls of silence
 i - a scroll of fog
 r - a scroll of enchant armour {unknown}
 s - a scroll of identify
 w - 2 scrolls of enchant weapon {unknown}
 x - a scroll of brand weapon {unknown}
 y - a scroll of poison {unknown}
Potions
 c - 2 potions of ambrosia
 e - 2 potions of curing {unknown}
 h - a potion of might {unknown}
 k - 2 potions of brilliance {unknown}
 m - a potion of cancellation {unknown}
 v - 4 potions of degeneration {unknown}
 z - 4 potions of haste {unknown}
 A - a potion of enlightenment {unknown}
 C - a potion of heal wounds {unknown}


   Skills:
 - Level 3.1 Fighting
 - Level 3.6 Short Blades
 * Level 7.3 Maces & Flails
 + Level 7.7 Dodging
 + Level 9.8 Stealth


You had 8 spell levels left.
You didn't know any spells.
Your spell library was empty.

Dungeon Overview and Level Annotations

Branches:
Dungeon (7/15)             Temple (1/1) D:7

Altars:
Ashenzari
Dithmenos
Fedhas
Gozag
Hepliaklqana
Kikubaaqudgha
Makhleb
Nemelex Xobeh
Okawaru
Qazlal
Ru
Sif Muna
Trog
Uskayaw
Vehumet
Wu Jian
Xom
Yredelemnul

Shops:
D:1 !


Innate Abilities, Weirdness & Mutations

Your natural rate of healing is accelerated.
You have razor-sharp teeth.
You have supernaturally acute eyesight. (SInv)
You are afflicted with vampirism and can become a bat while bloodless.


Message History

You kill the gnoll!
The dead are walking!
The bullfrog hits you. The gnoll barely misses you.
The bullfrog barely misses you.
The bullfrog hits you but does no damage.
The gnoll completely misses you. The gnoll closely misses you.
Things that are here:
a +0 club; a +0 whip You barely miss the gnoll.
You bite the gnoll.
The gnoll is moderately wounded.
The bullfrog barely misses you.
Your gnoll zombie closely misses the bullfrog.
The gnoll closely misses you. The gnoll barely misses you.
The gnoll sergeant completely misses you.
You whack the gnoll! You burn the gnoll.
You kill the gnoll!
The bullfrog barely misses you.
Your gnoll zombie misses the bullfrog.
You closely miss the bullfrog.
The bullfrog is moderately wounded.
The bullfrog hits you but does no damage.
The gnoll hits you from afar with a +5 spear.
The gnoll sergeant closely misses you.
The gnoll hits you from afar with a +0 halberd.
The bullfrog closely misses you.
You closely miss the bullfrog.
The bullfrog is moderately wounded.
The gnoll hits you from afar with a +0 halberd!
The gnoll hits you from afar with a +5 spear.
* * * LOW HITPOINT WARNING * * *
Your gnoll zombie barely misses the bullfrog.
The gnoll sergeant hits you from afar with a +0 spear.
* * * LOW HITPOINT WARNING * * *
The bullfrog misses you. The bullfrog completely misses you.
Your gnoll zombie hits the bullfrog.
You swap places.
The bullfrog hits you!
* * * LOW HITPOINT WARNING * * *
The bullfrog closely misses you.
Your gnoll zombie hits the bullfrog.
The bullfrog attacks as it pursues you! The bullfrog hits you.
You die...
You join the legions of the undead harvest.

..............##...#...# #.# #..
.#######...........##..###.# ####
.# ##...##..#..##....#.# .... .#
######.........##[.#.#g#...## .#
##...##.......................
####...............###.#.Z..#####
###..............)....)...#..#
..........#####...)......##..#
###.......# ##@.#......# ....
##.....## #F.#......# #.##.
#.......# #Z.#......# .# .
#.......# #)##........ #.......#
#g##......... ##.....##
gg.#......... ##...## #...# #####
#..># #...#


You could see a gnoll sergeant, a bullfrog (ally target), 2 gnolls and a
friendly gnoll zombie.

Vanquished Creatures
  Grinder (D:6)
  2 water moccasins
  4 ice beasts
  A sky beast (D:6)
  An ogre (D:4)
  A phantom (D:6)
  A kobold brigand (D:7)
  2 bullfrogs (D:7)
  A gnoll sergeant (D:7)
  A scorpion (D:6)
  2 wights (D:6)
  A jelly (D:5)
  4 orc priests (D:5)
  2 bombardier beetles
  2 hounds (D:5)
  Crazy Yiuf (D:6)
  A sleepcap (D:6)
  Terence (D:2)
  Natasha (thrice) (D:2)
  2 iguanas
  4 orc wizards
  10 gnolls
  6 adders
  A shadow imp (D:4)
  A ribbon worm (D:2)
  A dart slug (D:2)
  16 orcs
  7 endoplasms
  2 goblins
  7 hobgoblins
  10 jackals
  5 kobolds
  2 quokkas
  6 ball pythons
  7 bats
  2 frilled lizards
  2 rats
123 creatures vanquished.

Vanquished Creatures (collateral kills)
  A wyvern (D:7)
  A wight (D:6)
  2 hounds (D:6)
  An iguana (D:6)
  2 sleepcaps
  An orc wizard (D:5)
  2 gnolls
  3 adders
  2 orcs
  2 bats
  A goblin (D:2)
  A kobold (D:7)
  2 rats (D:1)
21 creatures vanquished.

Vanquished Creatures (others)
  A bullfrog zombie (D:7)
  2 hound zombies (D:5)
  An adder zombie (D:4)
  4 bat zombies
  3 gnoll zombies (D:7)
  A bombardier beetle zombie (D:5)
  An endoplasm zombie (D:3)
  2 jackal zombies (D:5)
  A kobold zombie (D:7)
  5 orc zombies
21 creatures vanquished.

Grand Total: 165 creatures vanquished

Notes
Turn   | Place    | Note
-------+----------+-------------------------------------------
     0 | D:1      | Gottschkopf the Vampire Monk began the quest for the Orb.
     0 | D:1      | Reached XP level 1. HP: 17/17 MP: 1/1
   230 | D:1      | Found a faded altar of an unknown god.
   239 | D:1      | Prayed at the altar of an unknown god.
   239 | D:1      | Became a worshipper of Yredelemnul the Dark
   239 | D:1      | Reached * piety under Yredelemnul
   239 | D:1      | Reached ** piety under Yredelemnul
   391 | D:1      | Found Cilijasch's Distillery.
   415 | D:1      | Reached skill level 1 in Stealth
   518 | D:1      | Reached XP level 2. HP: 23/23 MP: 2/2
   843 | D:3      | Identified the +9 whip of Conscience {flame, Fly rElec
                  | Dex-4 Stlth+}
   895 | D:3      | Reached skill level 2 in Stealth
   895 | D:3      | Gained mutation: You are afflicted with vampirism and can
                  | become a bat while bloodless. [Vampire growth]
   895 | D:3      | Reached XP level 3. HP: 29/29 MP: 3/3
   995 | D:3      | Found a hazy altar of Hepliaklqana.
  1015 | D:3      | Found a stormy altar of Qazlal.
  1065 | D:3      | Found a sparkling altar of Nemelex Xobeh.
  1122 | D:4      | Reached skill level 1 in Maces & Flails
  1262 | D:4      | Reached XP level 4. HP: 35/35 MP: 4/4
  1504 | D:5      | Entered Level 5 of the Dungeon
  1510 | D:5      | Noticed an ice beast
  1518 | D:5      | Killed an ice beast
  1519 | D:5      | Reached skill level 3 in Stealth
  1519 | D:5      | Reached XP level 5. HP: 9/41 MP: 5/5
  1573 | D:5      | Reached skill level 4 in Stealth
  1685 | D:6      | Noticed an ice beast
  1699 | D:6      | Killed an ice beast
  1700 | D:6      | Reached XP level 6. HP: 35/47 MP: 6/6
  1716 | D:6      | Noticed a sky beast
  1725 | D:6      | Killed a sky beast
  1726 | D:6      | Reached skill level 5 in Dodging
  1726 | D:6      | Reached skill level 5 in Stealth
  1767 | D:6      | Reached XP level 7. HP: 43/52 MP: 7/7
  1789 | D:6      | Reached skill level 6 in Stealth
  1814 | D:6      | Reached *** piety under Yredelemnul
  1881 | D:6      | Noticed Grinder
  1946 | D:6      | Found a runed translucent door.
  1947 | D:6      | Noticed Crazy Yiuf
  1954 | D:6      | Killed Crazy Yiuf
  2223 | D:6      | Killed Grinder
  2224 | D:6      | Reached skill level 5 in Maces & Flails
  2224 | D:6      | Reached skill level 7 in Stealth
  2224 | D:6      | Reached XP level 8. HP: 43/58 MP: 8/8
  2321 | D:7      | Found a staircase to the Ecumenical Temple.
  2514 | D:7      | Reached skill level 8 in Stealth
  2633 | Temple   | Entered the Ecumenical Temple
  2830 | D:5      | Reached skill level 9 in Stealth
  2830 | D:5      | Reached XP level 9. HP: 63/63 MP: 9/9
  3958 | D:2      | Identified the +5 long sword "Maocoe" {drain, rElec rF+}
  4045 | D:2      | Noticed Natasha
  4054 | D:2      | Killed Natasha
  4064 | D:2      | Noticed Natasha
  4076 | D:2      | Killed Natasha
  4083 | D:2      | Noticed Natasha
  4088 | D:2      | Killed Natasha
  4157 | D:2      | Noticed Terence
  4164 | D:2      | Killed Terence
  4771 | D:7      | HP: 2/63 [gnoll/+0 halberd[a gnoll sergeant] (6)]
  4974 | D:7      | HP: 3/63 [bullfrog (7)]
  4975 | D:7      | Slain by a bullfrog

Illustrated notes

Levels and vault maps discovered:
D:1:      dpeg_arrival_fog, layout_loops_ring,
          dreamdust_ecumenical_altar_hidden_monk_grotto, serial_shops,
          nicolae_shop_gibbet_a_chance, minmay_misc_feat_four_crosses
D:2:      layout_loops_ring, corexii_item_surrounded_by_moat, uniq_natasha,
          uniq_terence
D:3:      layout_basic, nicolae_overflow_quartered_altars
D:4:      layout_basic, grunt_decor_junction
D:5:      layout_rooms, grunt_ministairs_8, nicolae_zig_zag_zippers
D:6:      layout_basic, minmay_tree_intersection, kennysheep_generic_room_8,
          uniq_grinder, uniq_crazy_yiuf_cottage
D:7:      layout_rooms, nicolae_ossuary_entry_ruins, grunt_ministairs_9,
          nrook_campfire
Temple:   nicolae_temple_bog_church

Skill      XL: |  1  2  3  4  5  6  7  8  9 |
---------------+----------------------------+-----
Stealth        | 1 2 3 4 5 7 9 |  9.8
Fighting       | 3 |  3.1
Maces & Flails | 1 2 3 5 6 7 |  7.3
Dodging        | 4 5 6 7 |  7.7
Short Blades   | |  3.6

Action                     |  1- 3 |  4- 6 |  7- 9 || total
---------------------------+-------+-------+-------++-------
  Melee: Short sword       |    50 |       |       ||    50
         Bite              |    12 |     8 |    21 ||    41
         Whip              |    12 |    37 |   205 ||   254
         Punch             |       |       |     1 ||     1
 Invoke: Recall Undead Har |     1 |       |       ||     1
    Use: Scroll            |     2 |     3 |       ||     5
   Stab: Sleeping          |     2 |       |    13 ||    15
         Distracted        |       |     1 |     2 ||     3
 Armour: Robe              |    32 |    15 |   117 ||   164
  Dodge: Dodged            |    44 |    20 |   168 ||   232
